 Dungeon Crawl Stone Soup version 0.20.0-15-g7f486f2 (webtiles) character file.

2414 rodrick the Skirmisher (level 9, 0/81 HPs)
             Began as a Hill Orc Fighter on June 9, 2017.
             Was the Champion of Jiyva.
             Slain by an orc knight (15 damage)
             ... in a bailey on June 10, 2017.
             The game lasted 00:18:04 (6513 turns).

rodrick the Skirmisher (Hill Orc Fighter)           Turns: 6513, Time: 00:18:05

Health: 0/81       AC: 22    Str: 18    XL:     9   Next: 47%
Magic:  9/9        EV:  6    Int:  8    God:    Jiyva [******]
Gold:   160        SH: 12    Dex: 16    Spells: 8/8 levels left

rFire    . . .     SeeInvis .   t - +1 flail (protect)
rCold    . . .     Gourm    .   c - +1 shield
rNeg     . . .     Faith    .   o - +0 chain mail
rPois    .         Spirit   .   (no helmet)
rElec    .         Reflect  .   (no cloak)
rCorr    +         Harm     .   r - +0 pair of gloves
MR       .....                  h - +0 pair of boots
Stlth    ..........             (no amulet)
Regen    0.3/turn               (no ring)
MPRegen  0.2/turn               (no ring)

@: protection aura
A: slimy green scales 1, agile 1, blink, tendrils, jelly absorbing missiles
a: Blink, Request Jelly, Slimify, Cure Bad Mutation, Renounce Religion


You were in a bailey.
You worshipped Jiyva.
Jiyva was exalted by your worship.
You were completely stuffed.

You visited 1 branch of the dungeon, and saw 7 of its levels.
You also visited: Bailey.

You collected 160 gold pieces.

Inventory:

Hand Weapons
 t - a +1 flail of protection (weapon)
Missiles
 g - 7 tomahawks
 j - a javelin (quivered)
 u - a throwing net
Armour
 c - a +1 shield (worn)
 h - a +0 pair of boots (worn)
 o - a +0 chain mail (worn)
 r - a +0 pair of gloves (worn)
Wands
 q - a wand of lightning (9/15)
 s - a wand of clouds (0/9)
Scrolls
 i - 4 scrolls of amnesia
 n - a scroll of blinking
 p - a scroll of teleportation
 v - a scroll of remove curse
Potions
 b - 4 potions of curing
 d - a potion of flight
 l - 3 potions of brilliance
 m - a potion of agility
 w - 2 potions of heal wounds {unknown}
 x - 2 potions of resistance {unknown}
Comestibles
 a - 2 royal jellies
 f - 2 bread rations
 k - 4 fruits


   Skills:
 + Level 7.9 Fighting
   Level 3.1 Long Blades
 + Level 5.9 Maces & Flails
 - Level 3.0 Throwing
 + Level 7.3 Armour
 + Level 7.3 Shields


You had 8 spell levels left.
You didn't know any spells.

Dungeon Overview and Level Annotations

Branches:
Dungeon (7/15)             Temple (0/1) D:6

Altars:
Makhleb
Trog
Jiyva

Shops:
D:6 (

Annotations:
D:7 Prince Ribbit


Innate Abilities, Weirdness & Mutations

You are partially covered in slimy green scales. (AC +2)
You are agile. (Dex +2)
You can translocate small distances at will.
You are covered in slimy tendrils that may disarm your opponents.
You have a small jelly attached to you that may absorb incoming projectiles.


Message History

You closely miss the orc knight.
The orc knight is almost dead.
The orc knight hits you!
* * * LOW HITPOINT WARNING * * *
The orc knight hits you but does no damage.
You hit the orc knight but do no damage.
The orc knight is almost dead.
The orc knight hits you but does no damage.
You hit the orc knight.
The orc knight is almost dead.
You block the orc knight's attack.
You hit the orc knight.
The orc knight is almost dead.
You block the orc knight's attack.
Evoke which item? (* to show all) (? for menu, Esc to quit)
Aiming: Cloud Cone (will waste charges)
Press: ? - help, Dir - move target cursor, f - orc knight
Aim: an orc knight, wearing a chain mail (almost dead) Nothing appears to happen.
The orc knight hits you!
You die...

###### ####### #######
.....#########.....## ##......
......#.....#...@...######.......
.J....'.....'....o..#....#.......
......'.....'.......'....J.......
......'.....'.......#....#.......
......#.....#.......######.......
.....#########.....## ##......
###### ####### #######


You could see an orc knight.

Vanquished Creatures
  The ghost of Ganima the Cudgeler, a novice HaMo (D:5)
  A hippogriff (D:5)
  Eustachio (D:6)
  2 orc warriors (Bailey)
  Duvessa (D:5)
  A sky beast (D:6)
  A black bear (D:6)
  2 bullfrogs (D:6)
  A gnoll sergeant (D:6)
  Dowan (D:5)
  2 howler monkeys (D:5)
  2 bullfrog zombies (D:6)
  A crimson imp (D:6)
  2 centaur skeletons (D:6)
  A gnoll shaman (D:4)
  An orc priest (D:6)
  2 orc wizards
  Jessica (D:2)
  An iguana (D:4)
  3 worker ants
  A hound skeleton (D:4)
  6 gnolls
  4 adders
  A shadow imp (D:6)
  4 worms
  A dart slug (D:2)
  5 leopard geckos
  32 orcs
  4 giant cockroaches
  7 goblins
  5 hobgoblins
  3 quokkas
  A ball python (D:3)
  6 bats
  7 frilled lizards
  5 kobolds
  A leopard gecko skeleton (D:4)
  6 rats
127 creatures vanquished.

Vanquished Creatures (collateral kills)
  An orc knight (Bailey)
  4 orc warriors (Bailey)
  3 orcs (Bailey)
8 creatures vanquished.

Vanquished Creatures (others)
  A black bear (D:6)
  2 ogres
  A howler monkey (D:4)
  A crimson imp (D:6)
  13 jellies
  3 hounds
  4 orc wizards
  A bullfrog skeleton (D:6)
  An iguana (D:6)
  A worker ant (D:5)
  5 gnolls (D:4)
  A howler monkey skeleton (D:6)
  5 adders
  A worm (D:4)
  A leopard gecko (D:5)
  25 orcs
  2 giant cockroaches
  A goblin (D:2)
  2 jackals (D:6)
  2 quokkas
  3 bats
  2 frilled lizards (D:4)
  A kobold (D:3)
  A leopard gecko skeleton (D:4)
80 creatures vanquished.

Grand Total: 215 creatures vanquished

Notes
Turn   | Place    | Note
-------+----------+-------------------------------------------
     0 | D:1      | rodrick the Hill Orc Fighter began the quest for the Orb.
     0 | D:1      | Reached XP level 1. HP: 19/19 MP: 1/1
    64 | D:1      | Reached XP level 2. HP: 27/27 MP: 2/2
   600 | D:2      | Reached XP level 3. HP: 25/33 MP: 3/3
   827 | D:2      | Noticed Jessica
   847 | D:2      | Killed Jessica
   847 | D:2      | Reached XP level 4. HP: 5/40 MP: 4/4
  1271 | D:2      | Reached skill level 1 in Throwing
  1278 | D:2      | Found a faded altar of an unknown god.
  1312 | D:2      | Became a worshipper of Jiyva Jorud the Shapeless
  1312 | D:2      | Reached * piety under Jiyva
  1773 | D:3      | Reached XP level 5. HP: 28/47 MP: 5/5
  2601 | D:4      | Reached ** piety under Jiyva
  2865 | D:4      | Killed an ogre
  2884 | D:4      | Reached *** piety under Jiyva
  3065 | D:4      | Gained mutation: Scrolls take you a little longer to read. [potion of mutation]
  3065 | D:4      | Gained mutation: You are frail. (-10% HP) [potion of mutation]
  3065 | D:4      | Gained mutation: You are very frail. (-20% HP) [potion of mutation]
  3065 | D:4      | Gained mutation: Your muscles are strong. (Str +2) [potion of mutation]
  3188 | D:3      | Lost mutation: Scrolls take you a little longer to read. [Jiyva's grace]
  3420 | D:3      | Lost mutation: You are very frail. (-20% HP) [potion of mutation]
  3420 | D:3      | Lost mutation: Your muscles are strong. (Str +2) [potion of mutation]
  3420 | D:3      | Lost mutation: You are frail. (-10% HP) [potion of mutation]
  3420 | D:3      | Gained mutation: You are partially covered in slimy green scales. (AC +2) [potion of mutation]
  3420 | D:3      | Gained mutation: You can translocate small distances at will. [potion of mutation]
  3545 | D:4      | Reached skill level 5 in Fighting
  3545 | D:4      | Reached XP level 6. HP: 22/56 MP: 6/6
  4281 | D:5      | Entered Level 5 of the Dungeon
  4304 | D:5      | Noticed Ganima's ghost (novice HaMo)
  4320 | D:5      | Killed Ganima's ghost
  4320 | D:5      | Reached skill level 5 in Armour
  4320 | D:5      | Reached skill level 5 in Shields
  4320 | D:5      | Reached XP level 7. HP: 61/61 MP: 7/7
  4789 | D:5      | Noticed a hippogriff
  4798 | D:5      | Killed a hippogriff
  4798 | D:5      | Reached XP level 8. HP: 59/70 MP: 8/8
  4904 | D:5      | Noticed Dowan
  4905 | D:5      | Noticed Duvessa
  4923 | D:5      | Killed Duvessa
  4933 | D:5      | Killed Dowan
  5141 | D:5      | Gained mutation: You have a small jelly attached to you that senses nearby items. [Jiyva's grace]
  5308 | D:6      | Found a staircase to the Ecumenical Temple.
  5367 | D:6      | Found Maneasestru's Weapon Shop.
  5477 | D:6      | Reached **** piety under Jiyva
  5545 | D:6      | Gained mutation: You are clumsy. (Dex -2) [Jiyva's grace]
  5558 | D:6      | Reached ***** piety under Jiyva
  5605 | D:6      | Noticed Eustachio
  5606 | D:6      | Found a burning altar of Makhleb.
  5642 | D:6      | Killed Eustachio
  5921 | D:6      | Reached skill level 5 in Maces & Flails
  5921 | D:6      | Reached XP level 9. HP: 79/79 MP: 9/9
  6150 | D:6      | Gained mutation: You are covered in slimy tendrils that may disarm your opponents. [Jiyva's grace]
  6197 | D:7      | Found a bloodstained altar of Trog.
  6203 | D:7      | Noticed Prince Ribbit
  6278 | D:7      | Found a flagged portal.
  6288 | Bailey   | Entered a bailey
  6355 | Bailey   | Gained mutation: You have a small jelly attached to you that may absorb incoming projectiles. [Jiyva's grace]
  6367 | Bailey   | Lost mutation: You are clumsy. (Dex -2) [Jiyva's grace]
  6367 | Bailey   | Reached ****** piety under Jiyva
  6395 | Bailey   | Gained mutation: You are agile. (Dex +2) [Jiyva's grace]
  6426 | Bailey   | Noticed an orc knight
  6438 | Bailey   | Killed an orc knight
  6448 | Bailey   | Noticed an orc knight
  6453 | Bailey   | Lost mutation: You have a small jelly attached to you that senses nearby items. [Jiyva's grace]
  6454 | Bailey   | Noticed an orc knight
  6513 | Bailey   | Slain by an orc knight

Skill      XL: |  1  2  3  4  5  6  7  8  9 |
---------------+----------------------------+-----
Fighting       | 4 5 6 7 |  7.9
Shields        | 4 5 6 7 |  7.3
Armour         | 4 5 6 7 |  7.3
Throwing       | 1 2 3 |  3.0
Long Blades    | 3 |  3.1
Maces & Flails | 2 3 5 |  5.9

Action                   |  1- 3 |  4- 6 |  7- 9 || total
-------------------------+-------+-------+-------++-------
Melee: Long sword        |    86 |   153 |       ||   239
       Flail             |       |    26 |   379 ||   405
Throw: Javelin           |       |     3 |     4 ||     7
Invok: Request Jelly     |       |     1 |       ||     1
Evoke: Wand              |       |       |     2 ||     2
  Use: Scroll            |     1 |     6 |     2 ||     9
       Potion            |     1 |     6 |       ||     7
 Stab: Confused          |       |       |     3 ||     3
  Eat: Chunk             |       |     8 |       ||     8
       Bread ration      |       |     1 |       ||     1
Armor: Scale mail        |    44 |    62 |   205 ||   311
       Chain mail        |       |       |    40 ||    40
Dodge: Dodged            |    33 |    62 |   118 ||   213
Block: Shield            |    67 |    99 |   273 ||   439
       Rpst.: Long sword |    12 |    17 |       ||    29
